[Event "Chessable Masters - Torneo preliminare"]
[White "Hammer, Jon Ludvig"]
[Black "Nigmatov, Ortik"]
[WhiteFideId "1503707"]
[BlackFideId "14202131"]
[WhiteElo "2647"]
[BlackElo "2344"]
[Result "1-0"]
[Round "6"]
[TimeControl "600+2"]
[Date "2023.03.13"]
[WhiteClock "0:00:11"]
[BlackClock "0:00:58"]

1. e4 e5 2. Nf3 Nc6 3. Bb5 a6 4. Ba4 Nf6 5. O-O Bc5 6. c3 b5 7. Bb3 d6 8. a4 Bg4 9. h3 Bh5 10. d3 b4 11. Nbd2 O-O 12. Re1 Na5 13. Bc2 Rb8 14. g4 Bg6 15. Nb3 Nxb3 16. Bxb3 Re8 17. Bg5 a5 18. Bc4 c6 19. Qd2 Qb6 20. Bxf6 gxf6 21. Re2 Kh8 22. d4 bxc3 23. dxc5 Qxb2 24. Qxb2 cxb2 25. Rb1 d5 26. Bd3 Rb3 27. Ne1 Reb8 28. Bc2 Ra3 29. f3 dxe4 30. fxe4 Rb4 31. Bd3 Ra2 32. Kf2 Kg7 33. Ke3 h5 34. gxh5 Bxh5 35. Rg2+ Bg6 36. Nc2 Raxa4 37. Nxb4 axb4 38. Rgxb2 Ra5 39. Rxb4 Rxc5 40. Rc4 Ra5 41. Rxc6 Ra2 42. Rc2 Ra3 43. Rg1 Kh6 44. Rc6 Ra2 45. Rxf6 Rh2 46. Rg3 Rh1 47. Ra6 Kg7 48. Be2 Kh6 49. Bf3 Re1+ 50. Kf2 Rb1 51. h4 Rb2+ 52. Kg1 Rb3 53. Kg2 Kh7 54. h5 Rb2+ 55. Kh3 1-0


[Site "Internet"]

[Event "Chessable Masters - Torneo preliminare"]
[White "Weetik, Vjacheslav"]
[Black "Tregubov, Pavel V."]
[WhiteFideId "4153472"]
[BlackFideId "4115341"]
[WhiteElo "2445"]
[BlackElo "2522"]
[Result "1-0"]
[Round "6"]
[TimeControl "600+2"]
[Date "2023.03.13"]
[WhiteClock "0:03:33"]
[BlackClock "0:03:01"]

1. d4 Nf6 2. c4 e6 3. g3 Bb4+ 4. Bd2 Qe7 5. Bg2 Nc6 6. Nf3 Bxd2+ 7. Nbxd2 d6 8. O-O O-O 9. e4 e5 10. d5 Nb8 11. b4 a5 12. a3 Na6 13. Ne1 Ng4 14. h3 Nh6 15. Nd3 f5 16. f4 exf4 17. Rxf4 Bd7 18. Qh5 fxe4 19. Nxe4 Rxf4 20. Nxf4 Nf5 21. Kh2 Qe5 22. Ng5 Nh6 23. Ra2 Rf8 24. Re2 Qf6 25. Nfe6 Bxe6 26. dxe6 Qf7 27. exf7+ 1-0


[Site "Internet"]

[Event "Chessable Masters - Torneo preliminare"]
[White "Steinberg, Nitzan"]
[Black "Sargissian, Gabriel"]
[WhiteFideId "2801795"]
[BlackFideId "13300881"]
[WhiteElo "2500"]
[BlackElo "2628"]
[Result "1-0"]
[Round "6"]
[TimeControl "600+2"]
[Date "2023.03.13"]
[WhiteClock "0:03:29"]
[BlackClock "0:07:46"]

1. e4 e5 2. Nf3 Nc6 3. Bb5 a6 4. Ba4 Nf6 5. O-O Be7 6. Re1 b5 7. Bb3 O-O 8. h3 Bb7 9. d3 d6 10. a3 Qd7 11. Nc3 Rae8 12. Bg5 h6 13. Bxf6 Bxf6 14. a4 b4 15. Nd5 Bd8 16. a5 Kh8 17. Ba4 Qc8 18. Qd2 Re6 19. Ne3 Ne7 20. Bb3 Rg6 21. Nh4 Rg5 22. Nf3 Rh5 23. Qd1 g6 24. g4 Rxh3 25. Kg2 Rxf3 26. Qxf3 Nc6 27. Rh1 Bg5 28. Rxh6+ Bxh6 29. Qf6+ Kh7 30. Rh1 Qd8 31. Rxh6+ Kxh6 32. Nf5+ 1-0


[Site "Internet"]

[Event "Chessable Masters - Torneo preliminare"]
[White "Rasulov, Vugar"]
[Black "Raja, Harshit"]
[WhiteFideId "13402390"]
[BlackFideId "5089000"]
[WhiteElo "2415"]
[BlackElo "2361"]
[Result "1-0"]
[Round "6"]
[TimeControl "600+2"]
[Date "2023.03.13"]
[WhiteClock "0:00:41"]
[BlackClock "0:00:03"]

1. d4 Nf6 2. c4 e6 3. Nf3 d5 4. Bg5 dxc4 5. Qa4+ Nbd7 6. e4 Be7 7. e5 Nd5 8. Bxe7 Qxe7 9. Bxc4 Nf4 10. O-O O-O 11. Qc2 Nb6 12. Rc1 c5 13. Qd2 Nfd5 14. Bxd5 Nxd5 15. dxc5 Rd8 16. Na3 b6 17. cxb6 axb6 18. Nb5 Bb7 19. Nd6 Ra4 20. Rc4 Rxc4 21. Nxc4 Nb4 22. Qg5 Qc7 23. b3 b5 24. Nd6 Bxf3 25. gxf3 h6 26. Qh4 Nd3 27. Nxb5 Qb6 28. a4 g5 29. Qg3 Nf4 30. Kh1 Qc6 31. Nd6 Rb8 32. h4 Rxb3 33. Ne4 Ng6 34. hxg5 h5 35. Rd1 Qa8 36. Kg2 Kg7 37. Rh1 h4 38. Rxh4 Nxh4+ 39. Qxh4 Qh8 40. Qf4 Qh7 41. Qf6+ Kg8 42. Qd8+ Kg7 43. Nf6 Qh8 44. Ne8+ Kg6 45. Qd1 Rb8 46. Qd3+ Kxg5 47. Qe3+ Kg6 48. Qe4+ Kh6 49. Qh4+ 1-0


[Site "Internet"]

[Event "Chessable Masters - Torneo preliminare"]
[White "Matinian, Nikita"]
[Black "Ju, Wenjun"]
[WhiteFideId "24129100"]
[BlackFideId "8603006"]
[WhiteElo "2326"]
[BlackElo "2598"]
[Result "0-1"]
[Round "6"]
[TimeControl "600+2"]
[Date "2023.03.13"]
[WhiteClock "0:00:07"]
[BlackClock "0:00:52"]

1. e4 e5 2. Nf3 Nc6 3. Bb5 a6 4. Ba4 Nf6 5. O-O Bc5 6. c3 b5 7. Bc2 d5 8. a4 dxe4 9. Ng5 b4 10. Nxe4 Nxe4 11. Bxe4 Bb7 12. d4 exd4 13. Re1 Be7 14. Bg5 f6 15. Bf4 g6 16. cxb4 O-O 17. Qf3 Qd7 18. Nd2 Bxb4 19. Rec1 g5 20. Bxc6 Bxc6 21. Qxc6 Qxc6 22. Rxc6 gxf4 23. Nf3 d3 24. Rd1 d2 25. g3 fxg3 26. fxg3 a5 27. Kf2 Rf7 28. g4 Rd8 29. h4 Kg7 30. h5 Re7 31. h6+ Kf7 32. g5 fxg5 33. Nxg5+ Kg8 34. Ne6 Rd6 35. Rxd6 cxd6 36. Nf4 Re1 0-1


[Site "Internet"]

[Event "Chessable Masters - Torneo preliminare"]
[White "Malakhov, Vladimir"]
[Black "Mikaelyan, Arman"]
[WhiteFideId "4120787"]
[BlackFideId "13304852"]
[WhiteElo "2666"]
[BlackElo "2456"]
[Result "1-0"]
[Round "6"]
[TimeControl "600+2"]
[Date "2023.03.13"]
[WhiteClock "0:05:22"]
[BlackClock "0:00:18"]

1. e4 e5 2. Nf3 Nc6 3. Bc4 Bc5 4. O-O Nf6 5. d3 d6 6. c3 a6 7. a4 Ba7 8. Re1 O-O 9. h3 Kh8 10. Nbd2 h6 11. Nf1 Be6 12. a5 Nxe4 13. Rxe4 d5 14. Rh4 dxc4 15. Bxh6 Qxd3 16. Bd2+ Kg8 17. Ng5 Qg6 18. Nxe6 Qxe6 19. Qh5 f6 20. Qh7+ Kf7 21. Rg4 Ne7 22. Rxg7+ Ke8 23. Be3 Nf5 24. Rxc7 Bxe3 25. Nxe3 Nxe3 26. fxe3 Rg8 27. Rd1 Rd8 28. Qh5+ 1-0


[Site "Internet"]

[Event "Chessable Masters - Torneo preliminare"]
[White "Vasquez Schroeder, Rodrigo"]
[Black "Volkov, Sergey"]
[WhiteFideId "3400042"]
[BlackFideId "4122763"]
[WhiteElo "2589"]
[BlackElo "2496"]
[Result "0-1"]
[Round "6"]
[TimeControl "600+2"]
[Date "2023.03.13"]
[WhiteClock "0:05:48"]
[BlackClock "0:03:06"]

1. e4 e6 2. d4 d5 3. Nc3 Nf6 4. e5 Nfd7 5. Nce2 c5 6. c3 Nc6 7. f4 a5 8. Nf3 a4 9. a3 Qb6 10. f5 Qb3 11. fxe6 Qxd1+ 12. Kxd1 fxe6 13. Nf4 Nb6 14. Bd3 cxd4 15. cxd4 Be7 16. h4 Nc4 17. Bxc4 dxc4 18. Bd2 O-O 19. Ke2 b5 20. g3 Bd8 21. Rhf1 Bb6 22. Bc3 h6 23. Rad1 Ra7 24. h5 Raf7 25. Nh4 Rd8 26. Nf3 Ne7 27. Nh4 Nc6 28. Nf3 Rf5 29. d5 exd5 30. Nxd5 Bc5 31. Ne3 Rff8 32. Rxd8 Rxd8 33. Nh4 Rd3 34. Nef5 Bxa3 35. bxa3 Rxc3 36. Ng6 Bxf5 37. Rxf5 Nd4+ 0-1


[Site "Internet"]

[Event "Chessable Masters - Torneo preliminare"]
[White "Agrest, Evgenij"]
[Black "Sasikiran, Krishnan"]
[WhiteFideId "1705024"]
[BlackFideId "5004985"]
[WhiteElo "2576"]
[BlackElo "2559"]
[Result "1-0"]
[Round "6"]
[TimeControl "600+2"]
[Date "2023.03.13"]
[WhiteClock "0:00:21"]
[BlackClock "0:00:22"]

1. Nf3 d5 2. e3 Nf6 3. c4 c6 4. Qc2 g6 5. b3 Bg7 6. Bb2 O-O 7. Be2 Bf5 8. d3 Nbd7 9. O-O Bg4 10. Nbd2 Re8 11. h3 Bxf3 12. Bxf3 e6 13. Rad1 a5 14. e4 dxe4 15. dxe4 Qc7 16. Rfe1 e5 17. c5 Bf8 18. Ba3 Re6 19. Bg4 Nxg4 20. hxg4 h6 21. Nf3 Kg7 22. Re3 Nf6 23. g5 hxg5 24. Nxg5 Ree8 25. Red3 Rad8 26. Qc3 Rxd3 27. Rxd3 Rd8 28. g3 Rxd3 29. Qxd3 Qd7 30. Qc3 Ng4 31. Kg2 f6 32. Nf3 b6 33. cxb6 Bxa3 34. Qxa5 Bd6 35. Qa7 Qe7 36. b7 Kf7 37. b8=Q Bxb8 38. Qxb8 Kg7 39. Qc8 f5 40. exf5 e4 41. Nd4 e3 42. Qxc6 Ne5 43. f6+ Qxf6 44. Qxf6+ Kxf6 45. fxe3 1-0


[Site "Internet"]

[Event "Chessable Masters - Torneo preliminare"]
[White "Christiansen, Johan-Sebastian"]
[Black "Girya, Olga"]
[WhiteFideId "1512668"]
[BlackFideId "4195752"]
[WhiteElo "2481"]
[BlackElo "2327"]
[Result "1-0"]
[Round "6"]
[TimeControl "600+2"]
[Date "2023.03.13"]
[WhiteClock "0:04:46"]
[BlackClock "0:00:03"]

1. e4 e5 2. Nf3 Nc6 3. Nc3 Nf6 4. a3 d5 5. Bb5 Nxe4 6. Nxe5 Qf6 7. Nf3 Be6 8. O-O Bd6 9. Re1 O-O 10. Nxe4 dxe4 11. Rxe4 Bd5 12. Re3 Bf4 13. d4 Bxe3 14. Bxe3 Rad8 15. c3 Bxf3 16. Qxf3 Qxf3 17. gxf3 Ne7 18. Bg5 f6 19. Bc4+ Nd5 20. Bd2 c6 21. Kf1 Rfe8 22. a4 a5 23. Ra3 Kh8 24. Rb3 Re7 25. Be2 g5 26. Bd3 Nf4 27. Bf5 Kg7 28. Be3 Ng6 29. Bd3 h6 30. Ra3 Nh4 31. f4 Nf3 32. fxg5 hxg5 33. Be2 Nh4 34. Bd3 Rde8 35. Rb3 Ng6 36. Rb6 Rh8 37. Kg2 Nf4+ 38. Bxf4 gxf4 39. Bf5 Rh5 40. Bc8 c5 41. Bxb7 cxd4 42. cxd4 Rd7 43. d5 Kf7 44. Bc6 Re7 45. d6 Ra7 46. Rb8 Rg5+ 47. Kf3 Ke6 48. d7 Rxd7 49. Bxd7+ Kxd7 50. Rb5 Rg8 51. Rxa5 Rb8 52. Rb5 Rc8 53. a5 1-0


[Site "Internet"]

[Event "Chessable Masters - Torneo preliminare"]
[White "Makhnev, Denis"]
[Black "Santos Ruiz, Miguel"]
[WhiteFideId "13707647"]
[BlackFideId "22291482"]
[WhiteElo "2505"]
[BlackElo "2491"]
[Result "1-0"]
[Round "6"]
[TimeControl "600+2"]
[Date "2023.03.13"]
[WhiteClock "0:01:50"]
[BlackClock "0:06:02"]

1. d4 Nf6 2. c4 e6 3. Nf3 d5 4. Nc3 Bb4 5. Qa4+ Nc6 6. e3 O-O 7. Qc2 Re8 8. Bd2 Bf8 9. a3 e5 10. dxe5 Nxe5 11. cxd5 Nxf3+ 12. gxf3 Nxd5 13. O-O-O a6 14. Rg1 a5 15. Be1 c6 16. e4 Be6 17. exd5 cxd5 18. Kb1 d4 19. Ne4 Be7 20. Bc3 Qd5 21. Rxd4 Qa2+ 22. Kc1 Rac8 23. Qb1 Qb3 24. Qc2 Qa2 25. Bb5 Rf8 26. Bd7 f5 27. Bxe6+ Qxe6 28. Rd6 Bxd6 29. Rxg7+ Kh8 30. Nxd6 Rxc3 31. Qxc3 Qh6+ 32. Rg5+ 1-0


[Site "Internet"]

[Event "Chessable Masters - Torneo preliminare"]
[White "Ponkratov, Pavel"]
[Black "Sankalp, Gupta"]
[WhiteFideId "4157800"]
[BlackFideId "5097010"]
[WhiteElo "2586"]
[BlackElo "2427"]
[Result "1/2-1/2"]
[Round "6"]
[TimeControl "600+2"]
[Date "2023.03.13"]
[WhiteClock "0:05:32"]
[BlackClock "0:05:18"]

1. e4 c6 2. d4 d5 3. e5 Bf5 4. f4 e6 5. Nf3 c5 6. Bd3 Bxd3 7. Qxd3 cxd4 8. f5 Qa5+ 9. Nbd2 Qa6 10. fxe6 fxe6 11. Nxd4 Qxd3 12. cxd3 Kd7 13. O-O Nc6 14. Nxc6 bxc6 15. Rf7+ Ne7 16. Nb3 Ke8 17. Rf3 Ng6 18. d4 Be7 19. Rc3 Kd7 20. Be3 a5 21. a4 Rhb8 22. Rac1 Rb6 23. R1c2 h5 24. g3 Bb4 25. Rd3 Rab8 26. Bd2 Bxd2 27. Nc5+ Ke7 28. Rdxd2 Nf8 29. Rf2 Nd7 30. Nxd7 Kxd7 31. Rf7+ Ke8 32. Rxg7 Rxb2 33. Rxc6 Kf8 34. Rg6 Rd2 35. Rf6+ Kg7 36. Rcxe6 Rb1+ 37. Rf1 Rbb2 38. Re7+ Kg8 39. Rc1 Rg2+ 40. Kf1 1/2-1/2


[Site "Internet"]

[Event "Chessable Masters - Torneo preliminare"]
[White "Flores, Diego"]
[Black "Iniyan, P"]
[WhiteFideId "108049"]
[BlackFideId "25002767"]
[WhiteElo "2598"]
[BlackElo "2441"]
[Result "0-1"]
[Round "6"]
[TimeControl "600+2"]
[Date "2023.03.13"]
[WhiteClock "0:00:06"]
[BlackClock "0:01:36"]

1. c4 Nf6 2. Nc3 e5 3. Nf3 Nc6 4. e3 g6 5. d4 exd4 6. exd4 d6 7. Qe2+ Qe7 8. Nb5 Qxe2+ 9. Bxe2 Kd7 10. d5 Ne5 11. Nxe5+ dxe5 12. O-O Ne4 13. Be3 a6 14. Nc3 Nxc3 15. bxc3 b6 16. f4 exf4 17. Bd4 Rg8 18. Rxf4 f5 19. g4 Bh6 20. Rf3 Re8 21. Rh3 Rxe2 22. Rxh6 fxg4 23. Rxh7+ Re7 24. Rh6 Bb7 25. Rxg6 b5 26. Rd1 Rae8 27. c5 Bxd5 28. c6+ Kc8 29. Bf6 Re1+ 30. Rxe1 Rxe1+ 31. Kf2 Ra1 32. Be5 Rxa2+ 33. Ke3 Ra4 34. Rh6 Re4+ 35. Kd3 Bxc6 36. Rxc6 Rxe5 37. Rxa6 Rh5 38. Rg6 Rh4 39. Kc2 Kb7 40. Kb3 c5 41. Rg5 Kb6 42. Ka3 Rh3 43. Kb3 b4 44. Rxg4 Rxc3+ 45. Kb2 Rh3 46. Rg2 Kb5 0-1


[Site "Internet"]

[Event "Chessable Masters - Torneo preliminare"]
[White "Raja, Rithvik R"]
[Black "Xu, Yinglun"]
[WhiteFideId "35007394"]
[BlackFideId "8604940"]
[WhiteElo "2387"]
[BlackElo "2523"]
[Result "0-1"]
[Round "6"]
[TimeControl "600+2"]
[Date "2023.03.13"]
[WhiteClock "0:02:44"]
[BlackClock "0:01:04"]

1. c4 e6 2. Nc3 d5 3. d4 Nf6 4. cxd5 exd5 5. Bg5 Be7 6. e3 h6 7. Bh4 c6 8. Bd3 O-O 9. h3 a5 10. Qc2 Re8 11. Nf3 Nbd7 12. O-O-O b5 13. Kb1 a4 14. g4 Ne4 15. Bxe7 Qxe7 16. Bxe4 dxe4 17. Nd2 Nf6 18. Rc1 a3 19. b3 Ba6 20. Ka1 c5 21. dxc5 b4 22. Ndb1 Rac8 23. Na4 Qe5+ 24. Nbc3 Bb5 25. f4 exf3 26. Kb1 bxc3 27. Nxc3 Rxc5 28. Qd2 Ne4 29. Nxe4 Qxe4+ 30. Ka1 Qe5+ 31. Kb1 Bd3+ 0-1


[Site "Internet"]

[Event "Chessable Masters - Torneo preliminare"]
[White "Neiksans, Arturs"]
[Black "Pranav, V"]
[WhiteFideId "11601388"]
[BlackFideId "25060783"]
[WhiteElo "2553"]
[BlackElo "2462"]
[Result "1-0"]
[Round "6"]
[TimeControl "600+2"]
[Date "2023.03.13"]
[WhiteClock "0:00:31"]
[BlackClock "0:00:12"]

1. e4 e5 2. Nf3 Nc6 3. Bb5 a6 4. Ba4 Nf6 5. O-O b5 6. Bb3 Bb7 7. d3 Be7 8. Nc3 O-O 9. a3 d6 10. Nd5 Na5 11. Ba2 c5 12. Nxe7+ Qxe7 13. Bg5 h6 14. Bh4 Nc6 15. c3 Nd8 16. Re1 Ne6 17. d4 cxd4 18. cxd4 Nf4 19. Rc1 Rac8 20. Bb1 g5 21. Bg3 Ng6 22. Rxc8 Bxc8 23. Nd2 h5 24. f3 h4 25. Bf2 g4 26. Nf1 h3 27. Ne3 hxg2 28. fxg4 exd4 29. Nf5 Qd8 30. Bxd4 Ne5 31. Re3 Re8 32. Nh6+ Kf8 33. g5 Nfg4 34. Rg3 f5 35. exf5 Bb7 36. Nxg4 Nxg4 37. Rxg4 Qe7 38. Bf2 Qe5 39. g6 Re7 40. g7+ Kg8 41. Ba2+ d5 42. f6 Qxf6 43. Bxd5+ Bxd5 44. Qxd5+ Rf7 45. Qxg2 Qxb2 46. Qa8+ 1-0


[Site "Internet"]

[Event "Chessable Masters - Torneo preliminare"]
[White "Salgado Lopez, Ivan"]
[Black "Maghsoodloo, Parham"]
[WhiteFideId "2257327"]
[BlackFideId "12539929"]
[WhiteElo "2554"]
[BlackElo "2660"]
[Result "1-0"]
[Round "6"]
[TimeControl "600+2"]
[Date "2023.03.13"]
[WhiteClock "0:01:48"]
[BlackClock "0:05:31"]

1. e4 d6 2. d4 Nf6 3. Nc3 g6 4. f4 Bg7 5. Nf3 O-O 6. Bd3 Nc6 7. e5 Nd7 8. O-O Nb4 9. Bc4 c5 10. exd6 exd6 11. dxc5 Nxc5 12. a3 Nc6 13. Nd5 h6 14. Kh1 Be6 15. c3 a5 16. a4 Rc8 17. Be3 Nb8 18. Nd4 Nbd7 19. f5 Bxd5 20. Bxd5 Nf6 21. Nb5 g5 22. Nxd6 Rc7 23. Ba2 Qe7 24. Re1 Nce4 25. Nxe4 Qxe4 26. Bb6 Qc6 27. Bxc7 Qxc7 28. Qe2 Qc5 29. Rad1 Qxf5 30. Rf1 Qc5 31. Qb5 Qc7 32. Qf5 Kh8 33. Rfe1 Qb6 34. Bb1 Kg8 35. Rf1 Re8 36. Qb5 Qe3 37. Qxb7 Re6 38. Ba2 Re7 39. Qa8+ Bf8 40. Rxf6 1-0


[Site "Internet"]

[Event "Chessable Masters - Torneo preliminare"]
[White "Lenderman, Aleksandr"]
[Black "Mekhitarian, Krikor Sevag"]
[WhiteFideId "2021285"]
[BlackFideId "2107660"]
[WhiteElo "2646"]
[BlackElo "2594"]
[Result "1-0"]
[Round "6"]
[TimeControl "600+2"]
[Date "2023.03.13"]
[WhiteClock "0:04:24"]
[BlackClock "0:00:06"]

1. Nf3 d5 2. e3 Nf6 3. c4 e6 4. b3 Bd6 5. Bb2 b6 6. Nc3 a6 7. g3 Bb7 8. Bg2 Nbd7 9. O-O O-O 10. Rc1 Re8 11. cxd5 exd5 12. Ne2 c6 13. Ned4 Rc8 14. Qc2 a5 15. Rfd1 Ne5 16. Nxe5 Bxe5 17. Nf3 Bxb2 18. Qxb2 Qd6 19. d4 Re7 20. Rc2 Rec7 21. Rdc1 Ne4 22. Nd2 Nxd2 23. Rxd2 Ba6 24. Rdc2 g6 25. Rc3 f5 26. Qd2 Kg7 27. Bf3 Re8 28. Kg2 Rec8 29. h3 Rf8 30. R1c2 Rf6 31. Qc1 Rc8 32. Bd1 Rc7 33. f4 Bb7 34. Bf3 Re7 35. Kf2 Rfe6 36. Qd2 b5 37. Rc1 b4 38. Rc5 Rxe3 39. Rxa5 g5 40. Qxe3 Rxe3 41. Kxe3 gxf4+ 42. gxf4 Qe7+ 43. Kd3 Qd8 44. Ra4 Qb6 45. Ke3 Ba6 46. Rc5 Bb5 47. Ra8 Qb7 48. Re8 Qa7 49. Rc2 c5 50. Rc8 Qe7+ 51. Kf2 Qh4+ 52. Kg2 Qe1 53. R8xc5 Qf1+ 54. Kg3 Qe1+ 55. Kh2 Bd3 56. Rg2+ Kf6 57. Rc6+ Ke7 58. Rc7+ Kd6 59. Rxh7 1-0


[Site "Internet"]

[Event "Chessable Masters - Torneo preliminare"]
[White "Guseinov, Gadir"]
[Black "Golubev, Mikhail"]
[WhiteFideId "13401378"]
[BlackFideId "14100983"]
[WhiteElo "2632"]
[BlackElo "2361"]
[Result "1-0"]
[Round "6"]
[TimeControl "600+2"]
[Date "2023.03.13"]
[WhiteClock "0:08:42"]
[BlackClock "0:00:06"]

1. e4 c5 2. Nc3 Nc6 3. Bb5 Nd4 4. Nf3 a6 5. Bd3 Nc6 6. O-O g6 7. e5 Bg7 8. Re1 Nh6 9. Be4 Nd4 10. Nd5 Ne6 11. c3 O-O 12. d4 cxd4 13. cxd4 d6 14. h3 dxe5 15. dxe5 f5 16. Bc2 Nf7 17. b3 b5 18. b4 Ra7 19. Nf4 Nxf4 20. Bxf4 Be6 21. Nd4 Rd7 22. Nxe6 Rxd1 23. Raxd1 1-0


[Site "Internet"]

[Event "Chessable Masters - Torneo preliminare"]
[White "Hambleton, Aman"]
[Black "Rustemov, Alexander"]
[WhiteFideId "2606577"]
[BlackFideId "4119002"]
[WhiteElo "2447"]
[BlackElo "2494"]
[Result "1-0"]
[Round "6"]
[TimeControl "600+2"]
[Date "2023.03.13"]
[WhiteClock "0:00:07"]
[BlackClock "0:00:09"]

1. d4 d5 2. Bf4 Nf6 3. e3 c5 4. c3 Nc6 5. Nd2 cxd4 6. exd4 Bg4 7. Qb3 Qc8 8. h3 Bh5 9. Ngf3 e6 10. Bd3 Be7 11. O-O O-O 12. Rfe1 a6 13. a4 Bg6 14. Bxg6 hxg6 15. Ne5 Nxe5 16. Bxe5 Nd7 17. Bf4 Qc6 18. a5 Rfc8 19. Qa4 Qxa4 20. Rxa4 Rc6 21. Kf1 Rac8 22. Ke2 g5 23. Bg3 f6 24. Kd3 Kf7 25. Nf1 Nf8 26. Rc1 Ng6 27. Ne3 Bd6 28. Bxd6 Rxd6 29. Rb4 Rc7 30. Kd2 Nf4 31. Ra1 Ke7 32. Ra3 Kd8 33. Rab3 Kc8 34. Rb6 Rxb6 35. Rxb6 Re7 36. b3 Kc7 37. Rb4 Rd7 38. Ra4 e5 39. Rb4 exd4 40. Rxd4 Kc6 41. h4 Ne6 42. Rb4 Kc7 43. hxg5 Nxg5 44. f3 Ne6 45. Nc2 g5 46. Nd4 Nxd4 47. Rxd4 Kc6 48. Rb4 Kc7 49. Kd3 Rh7 50. Rb6 f5 51. Rg6 g4 52. fxg4 fxg4 53. Rxg4 Rh1 54. Rg6 Rd1+ 55. Kc2 Rg1 56. b4 Kd7 57. Kd3 Rd1+ 58. Ke3 Kc7 59. g4 Kd7 60. Rb6 Kc7 61. g5 Rg1 62. g6 Rg4 63. Rf6 Kd7 64. Kf3 Rg1 65. Kf4 1-0


[Site "Internet"]

[Event "Chessable Masters - Torneo preliminare"]
[White "Sattarov, Bobir"]
[Black "Cuenca Jimenez, Jose Fernando"]
[WhiteFideId "14203081"]
[BlackFideId "2255570"]
[WhiteElo "2333"]
[BlackElo "2455"]
[Result "0-1"]
[Round "6"]
[TimeControl "600+2"]
[Date "2023.03.13"]
[WhiteClock "0:03:07"]
[BlackClock "0:00:13"]

1. e4 c5 2. Nf3 Nc6 3. d4 cxd4 4. Nxd4 e5 5. Nb5 d6 6. a4 Be7 7. N1c3 a6 8. Na3 h6 9. Nc4 Be6 10. Nd5 Bxd5 11. exd5 Nb8 12. Be3 Nd7 13. a5 Qc7 14. Be2 Rb8 15. O-O Bg5 16. Qd2 Bxe3 17. Nxe3 Ne7 18. b4 O-O 19. c4 f5 20. f3 f4 21. Nc2 Nf6 22. Bd3 g5 23. Kh1 Kg7 24. Rac1 Rbc8 25. Na3 Qd7 26. Be4 Rfd8 27. Rfd1 Nf5 28. c5 dxc5 29. bxc5 Ne3 30. Nc4 Nxd1 31. Nd6 Ne3 32. Nxc8 Rxc8 33. d6 Nxe4 34. fxe4 Qc6 35. Qb4 Qxd6 36. Qxb7+ Qc7 37. Qxa6 Qc6 38. Qd3 Rc7 39. h3 g4 40. hxg4 Nxg4 41. Kg1 Nf6 42. Rc4 Qb5 43. Qd6 Rd7 44. Qe6 Qb1+ 45. Kh2 Qe1 46. Qxd7+ Nxd7 47. c6 Qh4+ 48. Kg1 Qe1+ 49. Kh2 Qxa5 50. cxd7 Qd8 51. Rc5 Qxd7 52. Rxe5 Qg4 53. Rf5 Kg6 54. Kg1 Qg3 55. Kf1 Qd3+ 56. Kg1 Qxe4 57. Rb5 Qe3+ 58. Kh2 Qg3+ 59. Kg1 f3 60. Rb6+ Kf7 61. Rb7+ Ke6 62. Rb2 Qe1+ 63. Kh2 Qe5+ 0-1


[Site "Internet"]

[Event "Chessable Masters - Torneo preliminare"]
[White "Xu, Yi"]
[Black "Huschenbeth, Niclas"]
[WhiteFideId "8605564"]
[BlackFideId "24604747"]
[WhiteElo "2402"]
[BlackElo "2566"]
[Result "0-1"]
[Round "6"]
[TimeControl "600+2"]
[Date "2023.03.13"]
[WhiteClock "0:00:06"]
[BlackClock "0:00:08"]

1. e4 c5 2. Nf3 d6 3. Bb5+ Nd7 4. d4 cxd4 5. Nxd4 Nf6 6. O-O a6 7. Bd3 e5 8. Nb3 b5 9. a4 b4 10. c3 Bb7 11. Qe2 d5 12. exd5 Bxd5 13. N1d2 bxc3 14. bxc3 Be7 15. Bxa6 Qc7 16. Ba3 Bxa3 17. Rxa3 Bxg2 18. Kxg2 Qc6+ 19. Nf3 Rxa6 20. Nd4 Qa8 21. Nb5 Nd5 22. Kh1 O-O 23. c4 Nf4 24. Qd1 Qb7 25. Rg1 e4 26. Nfd4 Nd3 27. Rg2 Rf6 28. Qg1 g6 29. Ra2 N7e5 30. a5 Nxc4 31. Qa1 Ra8 32. Kg1 e3 33. fxe3 Nxe3 34. Rg3 Qe4 35. Re2 Rxa5 36. Qb1 Nf4 37. Qxe4 Nh3+ 0-1


[Site "Internet"]

[Event "Chessable Masters - Torneo preliminare"]
[White "Larino Nieto, David"]
[Black "Shyam, Sundar M."]
[WhiteFideId "2256444"]
[BlackFideId "5019141"]
[WhiteElo "2496"]
[BlackElo "2464"]
[Result "1-0"]
[Round "6"]
[TimeControl "600+2"]
[Date "2023.03.13"]
[WhiteClock "0:05:13"]
[BlackClock "0:02:37"]

1. e4 c6 2. d4 d5 3. Nd2 dxe4 4. Nxe4 Nf6 5. Ng3 g6 6. Nf3 Bg7 7. Be2 O-O 8. h4 Bg4 9. c3 Nbd7 10. h5 Nxh5 11. Nxh5 Bxh5 12. Ng5 Bxe2 13. Qxe2 h6 14. Ne4 h5 15. g4 hxg4 16. Qxg4 Nf6 17. Qh3 Re8 18. Be3 Qd5 19. Nxf6+ exf6 20. O-O-O Re6 21. b3 Rae8 22. c4 Qe4 23. d5 cxd5 24. Qh7+ Kf8 25. Bc5+ R6e7 26. Rhe1 Qf4+ 27. Rd2 dxc4 28. Kd1 Qf3+ 29. Ree2 c3 30. Bxe7+ Rxe7 31. Rd8+ 1-0


[Site "Internet"]

[Event "Chessable Masters - Torneo preliminare"]
[White "Kaufman, Lawrence"]
[Black "Iskusnyh, Sergei"]
[WhiteFideId "2000555"]
[BlackFideId "4120027"]
[WhiteElo "2216"]
[BlackElo "2345"]
[Result "0-1"]
[Round "6"]
[TimeControl "600+2"]
[Date "2023.03.13"]
[WhiteClock "0:00:56"]
[BlackClock "0:04:59"]

1. e4 e6 2. d4 d5 3. e5 c5 4. c3 Nc6 5. Nf3 Nge7 6. Na3 Bd7 7. Nc2 Qa5 8. Bd2 Qb6 9. b4 cxd4 10. cxd4 Nf5 11. a3 Ncxd4 12. Nfxd4 Nxd4 13. Bd3 Nxc2+ 14. Bxc2 Bb5 15. Be3 Qc7 16. Rc1 Qc3+ 17. Bd2 Qxe5+ 18. Be3 Qc3+ 19. Bd2 Qxa3 20. Ra1 Qb2 21. Ra5 Qe5+ 0-1


[Site "Internet"]

[Event "Chessable Masters - Torneo preliminare"]
[White "Le, Quang Liem"]
[Black "Fedoseev, Vladimir"]
[WhiteFideId "12401137"]
[BlackFideId "24130737"]
[WhiteElo "2661"]
[BlackElo "2752"]
[Result "1-0"]
[Round "7"]
[TimeControl "600+2"]
[Date "2023.03.13"]
[WhiteClock "0:02:23"]
[BlackClock "0:00:12"]

1. d4 Nf6 2. Nf3 e6 3. c4 d5 4. g3 Bb4+ 5. Bd2 Be7 6. Bg2 O-O 7. O-O Nbd7 8. b4 c6 9. a4 b6 10. Qb3 a5 11. cxd5 exd5 12. Rc1 axb4 13. Rxc6 Ba6 14. Bxb4 Bxe2 15. Nc3 Bc4 16. Qa3 Bxb4 17. Qxb4 b5 18. Nxb5 Nb8 19. Rd6 Qe7 20. Re1 Ne4 21. Nd2 Rxa4 22. Qxa4 Bxb5 23. Bxe4 Qxd6 24. Qxb5 dxe4 25. Rxe4 Nd7 26. Nc4 Qg6 27. Re1 Nf6 28. d5 Qf5 29. Ne3 Qe5 30. Rd1 Rd8 31. Qb6 Qd6 32. Qd4 h5 33. Nf5 Qd7 34. Qf4 g6 35. Ne3 Qd6 36. Qd4 Rc8 37. h4 Nd7 38. Nc4 Qb4 39. Ne3 Qxd4 40. Rxd4 Kf8 41. Nc4 Ke7 42. Re4+ Kf8 43. Nd6 Rc1+ 44. Kg2 Nf6 45. Rf4 Ke7 46. Rf3 Rc7 47. Rxf6 1-0


[Site "Internet"]

[Event "Chessable Masters - Torneo preliminare"]
[White "Aronian, Levon"]
[Black "Erigaisi, Arjun"]
[WhiteFideId "13300474"]
[BlackFideId "35009192"]
[WhiteElo "2720"]
[BlackElo "2685"]
[Result "1-0"]
[Round "7"]
[TimeControl "600+2"]
[Date "2023.03.13"]
[WhiteClock "0:02:42"]
[BlackClock "0:01:40"]

1. e4 c5 2. Nf3 e6 3. c3 d5 4. exd5 Qxd5 5. d4 Nf6 6. Na3 a6 7. Nc4 Nbd7 8. Be2 b5 9. Ne3 Qc6 10. a4 Bb7 11. axb5 axb5 12. Rxa8+ Bxa8 13. O-O Be7 14. Ne5 Nxe5 15. dxe5 Nd7 16. c4 Nxe5 17. cxb5 Qd7 18. Qxd7+ Kxd7 19. f4 Ng6 20. Nc4 Bf6 21. Be3 Bd4 22. Rd1 Rb8 23. Bxd4 cxd4 24. Rxd4+ Ke7 25. Ne3 Nf8 26. Kf2 Nd7 27. Ke1 Nc5 28. Bc4 Nb7 29. Nd1 Nd6 30. Bf1 Bb7 31. Nc3 Bc8 32. Kd2 Bd7 33. Rb4 Kd8 34. Kc2 Kc7 35. g4 h6 36. h4 g6 37. Bd3 Be8 38. g5 h5 39. Kd2 Ra8 40. Ke3 Nf5+ 41. Bxf5 gxf5 42. b6+ Kb7 43. Ne2 Ra1 44. Nd4 Re1+ 45. Kd2 Re4 46. Nc2 Rxb4 47. Nxb4 Kxb6 48. Nd3 Kc6 49. Ne5+ Kd5 50. Kd3 Kc5 51. Ke3 Kb4 52. Kd4 Kb3 53. Nc4 Bd7 54. Nd6 Kxb2 55. Nxf7 Kc2 56. g6 Be8 57. Ke5 Kd3 58. Kf6 1-0


[Site "Internet"]